 Dungeon Crawl Stone Soup version 0.32-a0-918-g0f22ef8d61 (webtiles) character file.

Game seed: 5254827746698773539

751 Revguard the Trooper (level 7, 0/61 HPs)
             Began as a Ghoul Fighter on Apr 10, 2024.
             Incinerated by a bombardier beetle (3 damage)
             ... with a burning spray
             ... on level 5 of the Dungeon.
             The game lasted 00:12:01 (3751 turns).

Revguard the Trooper (Ghoul Fighter)                Turns: 3751, Time: 00:12:02

Health: 0/61       AC: 14    Str: 20    XL:     7   Next: 78%
Magic:  8/8        EV:  5    Int:  7    God:
Gold:   295        SH:  4    Dex: 10    Spells: 6/6 levels left

rFire   . . .        a - +0 war axe
rCold   + . .        c - +0 buckler
rNeg    + + +        r - +0 plate armour
rPois   ∞            q - +0 helmet
rElec   .            o - +0 cloak
rCorr   .            (no gloves)
SInv    .            (no boots)
Will    .....        (no amulet) Stlth
                     (no ring)
HPRegen 0.00/turn    (no ring)
MPRegen 0.11/turn

%: no passive effects
@: on fire, inhibited regen, glowing
A: claws 1, cold resistance 1, negative energy resistance 3, inhibited
regeneration, torment resistance 2, devour on kill
a: no special abilities


You were on level 5 of the Dungeon.
You visited 1 branch of the dungeon, and saw 5 of its levels.

You collected 295 gold pieces.

Inventory:

Hand Weapons
 a - a +0 war axe (weapon)
Armour
 b - a +0 scale mail
 c - a +0 buckler (worn)
 o - a +0 cloak (worn)
 q - a +0 helmet (worn)
 r - a +0 plate armour (worn)
Jewellery
 d - a ring of ice
Scrolls
 g - 6 scrolls of identify {unknown}
 h - 2 scrolls of teleportation {unknown}
 j - 2 scrolls of butterflies {unknown}
 l - 2 scrolls of fog {unknown}
 m - a scroll of enchant armour {unknown}
 n - a scroll of revelation {unknown}
 p - 2 scrolls of blinking {unknown}
Potions
 e - 2 potions of enlightenment
 f - a potion of attraction {unknown}
 i - a potion of lignification {unknown}
 k - a potion of haste {unknown}


   Skills:
 * Level 5.3 Fighting
 + Level 3.2 Axes
 + Level 3.7 Armour
 + Level 2.1 Dodging
 * Level 4.4 Shields
 + Level 2.5 Invocations
 + Level 2.1 Evocations


You had 6 spell levels left.
You didn't know any spells.
Your spell library contained the following spells:

 Spells                   Type           Power      Damage    Failure   Level
 Maxwell's Portable Pile  Tloc           0%         2d(5-13)  100%        3
 Arcjolt                  Conj/Air       0%         1d10      100%        5
 Maxwell's Capacitive Co  Air            0%         ∞         100%        8


Dungeon Overview and Level Annotations

Branches:
Dungeon (5/15)
 Temple: D:4-7

Altars:
Cheibriados
Ru

Shops:
D:1 *(((


Innate Abilities, Weirdness & Mutations

You are immune to poison.
You have sharp fingernails.
Your flesh is cold resistant. (rC+)
You are immune to negative energy. (rN+++)
You do not regenerate when monsters are visible.
You are immune to unholy pain and torment.
You thrive by killing the living.


Message History

The centaur hits you but does no damage.
The centaur kicks you but does no damage.
You slash the centaur!
The centaur is almost dead.
You closely miss the orc.
The centaur hits you but does no damage.
The centaur barely misses you. x2
The centaur kicks you but does no damage.
You block the orc's attack.
You hit the centaur.
You kill the centaur!
You hit the orc. The orc hits you with a +0 dagger.
You hit the orc.
You kill the orc!
The bombardier beetle sprays incendiary fluid at you.
The burning spray hits you.
You are covered in liquid fire!
You shake off some of the fire as you move.
The liquid fire burns you!
* * * LOW HITPOINT WARNING * * *
You see here a +0 dagger.
You shake off some of the fire as you move.
The liquid fire burns you!
* * * LOW HITPOINT WARNING * * *
You shake off the liquid fire.
The bombardier beetle sprays incendiary fluid at you.
The burning spray hits you.
You are covered in liquid fire!
A sleepcap comes into view.
You closely miss the bombardier beetle. The liquid fire burns you!
* * * LOW HITPOINT WARNING * * *
You block the bombardier beetle's attack.
You hit the bombardier beetle but do no damage.
The liquid fire burns you!
* * * LOW HITPOINT WARNING * * *
The bombardier beetle barely misses you.
You shake off some of the fire as you move.
The liquid fire burns you!
You die...

###...# ....
#.....# .# #
###.....#
..#.......##
...........+
...........#
.........$.##
............#
.....#.)@..#
.....#)..#..#
.###....B..f....
##.###........
#.# #....... ##
....... .......
....... .#...


You could see a sleepcap and a bombardier beetle.

Vanquished Creatures
  Edmund (D:4)
  A centaur (D:5)
  3 scorpions
  A bombardier beetle (D:5)
  A hound (D:4)
  2 orc priests
  Terence (D:3)
  Natasha (twice) (D:3)
  An orc wizard (D:4)
  6 adders
  3 dart slugs
  10 orcs
  6 ball pythons
  5 endoplasms
  4 giant cockroaches
  9 goblins
  8 hobgoblins
  6 kobolds
  3 quokkas
  6 bats
  8 frilled lizards
  5 rats
92 creatures vanquished.

Notes
Turn   | Place    | Note
-------+----------+-------------------------------------------
     0 | D:1      | Revguard the Ghoul Fighter began the quest for the Orb.
     0 | D:1      | Reached XP level 1. HP: 19/19 MP: 1/1
    65 | D:1      | Found Dodwin's Antique Weapon Shop.
   110 | D:1      | Found Yderu's Assorted Antiques.
   115 | D:1      | Reached XP level 2. HP: 26/26 MP: 2/2
   147 | D:1      | Found Xyraf's Antique Weapon Emporium.
   294 | D:1      | Reached XP level 3. HP: 30/31 MP: 3/3
   443 | D:1      | Found Taasm's Weapon Shop.
  1320 | D:2      | Reached XP level 4. HP: 38/40 MP: 4/4
  1524 | D:3      | Noticed Terence
  1540 | D:3      | Killed Terence
  1541 | D:3      | Reached skill level 1 in Invocations
  1547 | D:3      | Reached skill level 1 in Evocations
  1682 | D:3      | Reached skill level 4 in Fighting
  1682 | D:3      | Reached skill level 1 in Dodging
  1682 | D:3      | Reached XP level 5. HP: 23/46 MP: 5/5
  1840 | D:3      | Identified the +4 dagger "Ykiugh" {vamp, rC+}
  2085 | D:3      | Noticed Natasha
  2093 | D:3      | Killed Natasha
  2163 | D:3      | Noticed Natasha
  2171 | D:3      | Killed Natasha
  2428 | D:4      | Found a sacrificial altar of Ru.
  2573 | D:4      | Reached XP level 6. HP: 28/53 MP: 7/7
  3041 | D:4      | Found a snail-covered altar of Cheibriados.
  3172 | D:4      | Noticed Edmund
  3188 | D:4      | Killed Edmund
  3189 | D:4      | Reached XP level 7. HP: 37/60 MP: 8/8
  3598 | D:5      | Entered Level 5 of the Dungeon
  3608 | D:5      | Reached skill level 5 in Fighting
  3750 | D:5      | HP: 3/61 [burnt (5)]
  3751 | D:5      | Incinerated by a bombardier beetle

Illustrated notes

Levels and vault maps discovered:
D:1:      ldierk_walled_garden_2, layout_basic, serial_shops, shop_coins, shop,
          shop, nicolae_shop_stone, chequers_hall_statues_wall_a,
          kennysheep_minor_cross
D:2:      minmay_door_path, layout_basic, hangedman_decor_opposing
D:3:      layout_loops_ring, minivault_11, uniq_natasha, uniq_terence
D:4:      layout_basic, elyvilon_altar_3, marbit_many_paths,
          mainiacjoe_overflow_alcove_4, uniq_edmund
D:5:      layout_cave_pools, regret_index_temple_of_mockery,
          lemuel_mausoleum_altar_yredelemnul, gammafunk_ghost_cemetery,
          hangedman_decor_clover_reticule, minmay_divided_ellipse

Skill      XL: |  1  2  3  4  5  6  7 |
---------------+----------------------+-----
Axes           | 2 3 |  3.2
Shields        | 3 4 |  4.4
Armour         | 3 |  3.7
Invocations    | 1 2 |  2.5
Evocations     | 1 2 |  2.1
Fighting       | 4 5 |  5.3
Dodging        | 1 2 |  2.1

Action                     |  1- 3 |  4- 6 |  7- 9 || total
---------------------------+-------+-------+-------++-------
  Melee: War axe           |   107 |   167 |    35 ||   309
    Use: Potion            |       |     3 |       ||     3
 Armour: Scale mail        |    91 |    85 |       ||   176
         Plate armour      |       |    47 |    46 ||    93
  Dodge: Dodged            |    63 |    81 |    15 ||   159
  Block: Buckler           |    28 |    37 |    11 ||    76

Table legend: (Time is in decaauts)
 A = Elapsed time spent in this place.
 B = Non-inter-level travel time spent in this place.
 C = Inter-level travel time spent in this place.
 D = Time resting spent in this place.
 E = Time spent auto-exploring this place.
 F = Levels seen in this place.
 G = Mean time per level.
                   A        B        C        D        E       F      G
               +--------+--------+--------+--------+--------+-----+--------+
         Total |   3886 |   3779 |    107 |      0 |   2802 |   5 |  777.2 |
       Dungeon |   3886 |   3779 |    107 |      0 |   2802 |   5 |  777.2 |
               +--------+--------+--------+--------+--------+-----+--------+

Top non-repeatable levels by time:
     D:4: 1260 daAuts
     D:3: 919 daAuts
     D:2: 802 daAuts
     D:1: 740 daAuts
     D:5: 163 daAuts
